 Dungeon Crawl Stone Soup version 0.30-a0-723-gc1506a1cf0 (webtiles) character file.

Game seed: 17616113615954734990

30 ASSMAN the Covert (level 3, 0/34 HPs)
             Began as a Naga Delver on Jan 29, 2023.
             Slain by a scorpion (5 damage)
             ... on level 5 of the Dungeon.
             The game lasted 00:00:34 (47 turns).

ASSMAN the Covert (Naga Delver)                       Turns: 47, Time: 00:00:35

Health: 0/34       AC:  2    Str: 14    XL:     3   Next: 18%
Magic:  3/3        EV:  9    Int: 10    God:
Gold:   0          SH:  0    Dex: 14    Spells: 2/2 levels left

rFire   . . .      SeeInvis +    a - +0 short sword
rCold   . . .      Faith    .    (no shield)
rNeg    . . .      Spirit   .    b - +0 leather armour
rPois   +          Reflect  .    (no helmet)
rElec   .          Harm     .    (no cloak)
rCorr   .          Rampage  .    (no gloves)
Will    .....                    (no barding)
Stlth   ++++                     (no amulet)
HPRegen 0.25/turn                (no ring)
MPRegen 0.08/turn                (no ring)

@: short of breath, hasted, quick
A: AC +1, large, see invisible, deformed body, poison resistance, slowness 2,
spit poison 1, naga tail 1
a: Spit Poison


You were on level 5 of the Dungeon.
You visited 1 branch of the dungeon, and saw 1 of its levels.

Inventory:

Hand Weapons
 a - a +0 short sword (weapon)
Armour
 b - a +0 leather armour (worn)
Wands
 g - a wand of digging (3)
 h - a wand of mindburst (8)
Scrolls
 c - a scroll of fog
 d - a scroll of magic mapping
 e - a scroll of fear


   Skills:
 - Level 3.0 Fighting
 + Level 2.8 Short Blades
 - Level 1.5 Dodging
 + Level 8.0 Stealth


You had 2 spell levels left.
You didn't know any spells.
Your spell library was empty.

Dungeon Overview and Level Annotations

Branches:
Dungeon (5/15)
 Temple: D:4-7

Altars:

Shops:
D:5 ?


Innate Abilities, Weirdness & Mutations

Your serpentine skin is tough. (AC +1)
You have supernaturally acute eyesight. (SInv)
Armour fits poorly on your strangely shaped body.
Your system is resistant to poisons. (rPois)
You cover ground very slowly.
You can spit poison.
You have a snake-like lower body.


Message History

The hound is almost dead.
The hound bites you.
* * * LOW HITPOINT WARNING * * *
You hit the hound.
You kill the hound!
You have got your breath back.
Your Stealth skill increases to level 8!
You have reached level 2!
You have reached level 3!
Your experience leads to an increase in your attributes!
Increase (S)trength, (I)ntelligence, or (D)exterity?
You feel agile. x2; Your skin feels tougher.
Aiming: Spit Poison (2% risk of failure)
Press: ? - help, Shift-Dir - straight line, f - scorpion
Aim: a scorpion (59% to hit)
The splash of poison hits the scorpion but does no damage.
The scorpion is poisoned.
Okay, then.
You feel yourself speed up.
You barely miss the scorpion.
The scorpion is moderately wounded.
You closely miss the scorpion.
The scorpion is heavily wounded.
You have got your breath back.
The scorpion looks more healthy.
The scorpion stings you.
* * * LOW HITPOINT WARNING * * *
Aiming: Spit Poison (2% risk of failure)
Press: ? - help, Shift-Dir - straight line, f/p - scorpion
Aim: a scorpion (heavily wounded, 59% to hit)
The splash of poison misses the scorpion.
The scorpion barely misses you.
You barely miss the scorpion.
The scorpion is heavily wounded.
The scorpion barely misses you.
You hit the scorpion but do no damage.
The scorpion is heavily wounded.
You hit the scorpion.
The scorpion is severely wounded.
The scorpion stings you.
You die...

..⌠.⌠....##....
.8.8..<..........
................#
#...............
#......##......
#..#####....#
##..##.......#
...#...s........#
........@........# #.
.................# #.
.................# #.
..........###....###+###.
..........###..........#.
.......................#.
..............##.......#.
.............##.........
.......##........#


You could see a scorpion.

Vanquished Creatures
  A hound (D:5)
1 creature vanquished.

Notes
Turn   | Place    | Note
-------+----------+-------------------------------------------
     0 | D:5      | ASSMAN the Naga Delver began the quest for the Orb.
     0 | D:5      | Reached XP level 1. HP: 21/21 MP: 1/1
    25 | D:5      | Noticed a hound
    27 | D:5      | Found Qiusk's Magic Scroll Shop.
    27 | D:5      | Noticed a scorpion
    36 | D:5      | Killed a hound
    37 | D:5      | Reached skill level 8 in Stealth
    37 | D:5      | Reached XP level 2. HP: 3/28 MP: 2/2
    37 | D:5      | Reached XP level 3. HP: 4/34 MP: 3/3
    47 | D:5      | Slain by a scorpion

Illustrated notes

Levels and vault maps discovered:
D:5:      lemuel_ratsnest, layout_basic, mainiacjoe_overflow_alcove_2,
          hellmonk_ghost_happy_afterlife, serial_shops,
          nicolae_shop_temple_entry_statues_fountains, kennysheep_little_box,
          nicolae_inconvenience_store

Skill      XL: |  1 |
---------------+----+-----
Stealth        | 8 |  8.0
Fighting       | |  3.0
Short Blades   | |  2.8
Dodging        | |  1.5

Action                     || total
---------------------------++-------
  Melee: Short sword       ||    12
Ability: Spit Poison       ||     3
    Use: Potion            ||     1
   Stab: Sleeping          ||     1
  Dodge: Dodged            ||     5

Table legend: (Time is in decaauts)
 A = Elapsed time spent in this place.
 B = Non-inter-level travel time spent in this place.
 C = Inter-level travel time spent in this place.
 D = Time resting spent in this place.
 E = Time spent auto-exploring this place.
 F = Levels seen in this place.
 G = Mean time per level.
                   A        B        C        D        E       F      G
               +--------+--------+--------+--------+--------+-----+--------+
         Total |     55 |     55 |      0 |      0 |     33 |   1 |   55.0 |
       Dungeon |     55 |     55 |      0 |      0 |     33 |   1 |   55.0 |
               +--------+--------+--------+--------+--------+-----+--------+

Top non-repeatable levels by time:
     D:5: 55 daAuts
